 Dungeon Crawl Stone Soup version 0.23.2-40-g277498a001 (webtiles) character file.

Game seed: 15969796306726422531

3826 Martska the Cleaver (level 10, -13/141 HPs)
             Began as a Hill Orc Fighter on Oct 2, 2019.
             Was an Elder of Okawaru.
             Mangled by a two-headed ogre
             ... wielding a +0 giant club
              (15 damage)
             ... on level 7 of the Dungeon.
             The game lasted 00:38:09 (7238 turns).

Martska the Cleaver (Hill Orc Fighter)              Turns: 7238, Time: 00:38:10

Health: -13/141    AC: 25    Str: 20 (22) XL:     10   Next: 17%
Magic:  10/10      EV:  2    Int: 12 (13) God:    Okawaru [****..]
Gold:   306        SH: 10    Dex:  7 (11) Spells: 9/9 levels left

rFire    . . .     SeeInvis .   D - +1 war axe
rCold    + . .     Gourm    .   c - +0 shield
rNeg     + + +     Faith    .   (armour currently unavailable)
rPois    +         Spirit   .   (helmet currently unavailable)
rElec    .         Reflect  .   (cloak currently unavailable)
rCorr    .         Harm     +   (gloves currently unavailable)
MR       .....     NoTele   +   (boots currently unavailable)
Stlth    +.........             C - amulet of harm
HPRegen  0.33/turn              r - +5 ring of evasion
MPRegen  0.12/turn              y - ring of protection from cold

@: brilliant, tree-form, berserk cooldown, slowed, very slow
A: no striking features
a: Heroism, Renounce Religion


You were on level 7 of the Dungeon.
You worshipped Okawaru.
Okawaru was greatly pleased with you.
You were hungry.
You were a tree.
You visited 1 branch of the dungeon, and saw 7 of its levels.

You collected 369 gold pieces.
You spent 63 gold pieces at shops.

Inventory:

Hand Weapons
 a - a +0 war axe
 s - a +0 war axe
 t - a +0 war axe
 D - a +1 war axe (weapon)
Armour
 b - a +0 scale mail
 c - a +0 shield (worn)
 o - quicksilver dragon scales (melded)
 p - a +1 leather armour of magic resistance
 x - a +0 pair of boots (melded)
 I - a +0 pair of gloves (melded)
Jewellery
 r - a +5 ring of evasion (left branch)
 y - a ring of protection from cold (right branch)
 C - an amulet of harm (around neck)
 F - an uncursed ring of protection from magic {unknown}
 G - a cursed ring of protection from fire {unknown}
Scrolls
 g - 4 scrolls of immolation {unknown}
 i - 4 scrolls of remove curse {unknown}
 j - 5 scrolls of teleportation
 n - 9 scrolls of identify
 u - 2 scrolls of enchant weapon {unknown}
 v - 3 scrolls of random uselessness
 w - a scroll of amnesia {unknown}
 A - 2 scrolls of enchant armour {unknown}
 E - a scroll of fog {unknown}
Potions
 d - a potion of might
 e - a potion of berserk rage
 l - 2 potions of resistance
 m - 5 potions of curing {unknown}
 q - a potion of flight
 z - a potion of agility {unknown}
 B - a potion of degeneration
Comestibles
 f - 9 rations


   Skills:
 * Level 10.3 Fighting
 * Level 11.0 Axes
 + Level 7.1 Armour
 - Level 1.0 Dodging
 - Level 0.1 Stealth
 + Level 7.3 Shields


You had 9 spell levels left.
You didn't know any spells.
Your spell library contained the following spells:

 Spells                   Type           Power        Failure   Level  Hunger
 Flame Tongue             Conj/Fire      #....        10%         1    ##.....
 Throw Flame              Conj/Fire      #.....       14%         2    ###....
 Conjure Flame            Conj/Fire      #.......     26%         3    ####...
 Inner Flame              Hex/Fire       #.......     26%         3    ####...
 Sticky Flame             Conj/Fire      #.......     58%         4    #####..
 Fireball                 Conj/Fire      #.........   87%         5    ######.


Dungeon Overview and Level Annotations

Branches:
Dungeon (7/15)             Temple (0/1) D:5

Altars:
Cheibriados
Fedhas
Nemelex Xobeh
Okawaru
Vehumet
Xom
Zin
The Shining One

Shops:
D:6 *   D:7 [%

Annotations:
D:5 1 transporter


Message History

The quasit bites you but does no damage.
You block the quasit's attack.
The quasit claws you but does no damage.
You block the crimson imp's attack.
The two-headed ogre hits you but does no damage.
You block the two-headed ogre's attack.
The quasit bites you but does no damage.
The quasit claws you but does no damage. x2
You block the crimson imp's attack.
You slash the quasit!
You kill the quasit!
Okawaru accepts your kill.
You completely miss the two-headed ogre.
You barely miss the crimson imp.
The two-headed ogre hits you with a +0 giant club.
* * * LOW HITPOINT WARNING * * *
You block the two-headed ogre's attack.
The crimson imp blinks!
The two-headed ogre hits you but does no damage.
The two-headed ogre hits you with a +0 giant spiked club!
You die...

#....### ##..##...#.##
###...........# #.... ##....#
.....###..)..####
#....#.....#..# ##...........###
.. #.....###......#
#..####K♣#..#.......## ...#
#...5oO.§..†....#### ....
...###.###......#.# ..#
##.....##.5...#.### # .$.
##..#.#..##........#
.####.####..##.##..##.#...####
#.#(...%#..#.....#..#........###
#.###.###.##.....##.#..........#
#.........(.........).###....###


You could see a two-headed ogre, an orc warrior, a big kobold and 2 crimson
imps.

Vanquished Creatures
  A troll (D:7)
  Grinder (D:4)
  A hippogriff (D:6)
  2 fire bats (D:5)
  Menkaure (D:4)
  An ice beast (D:7)
  A sky beast (D:7)
  A necrophage (D:7)
  2 orc warriors (D:6)
  3 ogres
  3 centaurs
  3 bullfrogs
  2 scorpions
  A killer bee (D:7)
  11 wights (D:6)
  A howler monkey (D:6)
  A centaur zombie (D:7)
  2 crimson imps
  2 quasits
  A bullfrog zombie (D:6)
  A hound (D:6)
  2 orc priests (D:6)
  Crazy Yiuf (D:6)
  7 worker ants
  8 iguanas
  4 orc wizards
  Robin (D:4)
  11 adders
  3 gnolls (D:3)
  2 oozes
  3 adder zombies
  2 worms (D:2)
  3 dart slugs (D:1)
  10 leopard geckos
  12 orcs
  7 bats
  7 giant cockroaches
  13 goblins
  7 hobgoblins
  9 jackals
  2 quokkas
  A ball python (D:2)
  8 frilled lizards
  A goblin skeleton (D:5)
  2 goblin zombies (D:5)
  4 hobgoblin zombies (D:5)
  10 kobolds
  A kobold skeleton (D:5)
  A kobold zombie (D:5)
  An orc zombie (D:5)
  9 rats
194 creatures vanquished.

Notes
Turn   | Place    | Note
-------+----------+-------------------------------------------
     0 | D:1      | Martska the Hill Orc Fighter began the quest for the Orb.
     0 | D:1      | Reached XP level 1. HP: 19/19 MP: 1/1
   119 | D:1      | Reached XP level 2. HP: 22/27 MP: 2/2
   429 | D:1      | Reached skill level 3 in Axes
   503 | D:1      | Reached XP level 3. HP: 32/33 MP: 3/3
  1039 | D:2      | Found a faded altar of an unknown god.
  1280 | D:2      | Found a glowing silver altar of Zin.
  1322 | D:2      | Found a shimmering altar of Xom.
  1477 | D:2      | Reached XP level 4. HP: 28/40 MP: 4/4
  1778 | D:2      | Found an iron altar of Okawaru.
  1922 | D:2      | Became a worshipper of Warmaster Okawaru
  2467 | D:3      | Found a radiant altar of Vehumet.
  2491 | D:3      | Reached skill level 4 in Axes
  2559 | D:3      | Reached XP level 5. HP: 31/47 MP: 5/5
  2564 | D:3      | Reached skill level 1 in Dodging
  3094 | D:4      | Noticed Grinder
  3112 | D:4      | Paralysed by Grinder for 4 turns
  3122 | D:4      | Paralysed by Grinder for 4 turns
  3137 | D:4      | Killed Grinder
  3137 | D:4      | Reached skill level 5 in Fighting
  3137 | D:4      | Reached skill level 5 in Axes
  3137 | D:4      | Reached XP level 6. HP: 40/56 MP: 6/6
  3450 | D:4      | Noticed Robin
  3456 | D:4      | Reached * piety under Okawaru
  3456 | D:4      | Reached XP level 7. HP: 58/62 MP: 7/7
  3462 | D:4      | Killed Robin
  3526 | D:4      | Noticed Menkaure
  3537 | D:4      | Killed Menkaure
  3537 | D:4      | Reached skill level 6 in Axes
  3920 | D:4      | Found a blossoming altar of Fedhas.
  4214 | D:5      | Entered Level 5 of the Dungeon
  4217 | D:5      | Reached skill level 5 in Shields
  4238 | D:5      | Found a sparkling altar of Nemelex Xobeh.
  4242 | D:5      | Found a snail-covered altar of Cheibriados.
  4266 | D:5      | Found a transporter.
  4465 | D:5      | Found a glowing golden altar of the Shining One.
  4601 | D:5      | Found a staircase to the Ecumenical Temple.
  4656 | D:5      | Reached skill level 7 in Axes
  4656 | D:5      | Reached skill level 5 in Armour
  4656 | D:5      | Reached XP level 8. HP: 51/71 MP: 8/8
  4901 | D:5      | Found a transporter.
  4929 | D:5      | Reached ** piety under Okawaru
  4941 | D:5      | Reached skill level 8 in Axes
  5433 | D:6      | Found Ahulol's Elemental Accessories.
  5787 | D:6      | Reached XP level 9. HP: 40/82 MP: 9/9
  5986 | D:6      | Reached skill level 9 in Axes
  6205 | D:6      | Reached *** piety under Okawaru
  6600 | D:6      | Found a runed translucent door.
  6601 | D:6      | Noticed Crazy Yiuf
  6607 | D:6      | Killed Crazy Yiuf
  6694 | D:6      | Reached skill level 10 in Axes
  7024 | D:7      | Found Futhar's Food Shoppe.
  7038 | D:7      | Found Qajaedei's Armour Emporium.
  7047 | D:7      | Bought a +0 pair of gloves for 63 gold pieces
  7137 | D:7      | Reached XP level 10. HP: 86/93 MP: 10/10
  7143 | D:7      | Reached skill level 10 in Fighting
  7174 | D:7      | Noticed a two-headed ogre
  7193 | D:7      | Reached **** piety under Okawaru
  7216 | D:7      | HP: 4/93 [two-headed ogre/+0 giant club (4)]
  7224 | D:7      | HP: 3/139 [two-headed ogre/+0 giant club (3)]
  7229 | D:7      | Reached skill level 11 in Axes
  7236 | D:7      | HP: 3/139 [two-headed ogre/+0 giant club (8)]
  7238 | D:7      | Mangled by a two-headed ogre

Skill      XL: |  1  2  3  4  5  6  7  8  9 10 |
---------------+-------------------------------+-----
Fighting       | 4 5 6 8 9 10 | 10.3
Axes           | 3 4 5 7 8 10 11 | 11.0
Shields        | 4 5 6 7 |  7.3
Dodging        | 1 |  1.0
Armour         | 4 5 6 7 |  7.1
Stealth        | |  0.1

Action                   |  1- 3 |  4- 6 |  7- 9 | 10-12 || total
-------------------------+-------+-------+-------+-------++-------
Melee: War axe           |   125 |   177 |   394 |    46 ||   742
Invok: Heroism           |       |       |     1 |     1 ||     2
  Use: Scroll            |       |       |     2 |       ||     2
       Potion            |       |       |       |     9 ||     9
  Eat: Ration            |     1 |     1 |     3 |       ||     5
       Chunk             |       |     2 |     2 |       ||     4
Armor: Scale mail        |    47 |       |       |       ||    47
       Quicksilver drago |    16 |    53 |   114 |     8 ||   191
       Skin              |       |       |       |    49 ||    49
Dodge: Dodged            |    45 |   117 |   240 |    21 ||   423
Block: Shield            |    74 |    96 |   236 |    47 ||   453
